 Dungeon Crawl Stone Soup version 0.31.0-9-g3a7656b989 (webtiles) character file.

Game seed: 1683839389920621299

144 qw the Shooter (level 5, 0/26 HPs)
             Began as a Spriggan Hunter on Feb 2, 2024.
             Slain by an orc
             ... wielding a +0 dagger
              (3 damage)
             ... on level 4 of the Dungeon.
             The game lasted 00:00:08 (2647 turns).

qw the Shooter (Spriggan Hunter)                    Turns: 2647, Time: 00:00:09

Health: 0/26       AC:  4    Str:  7    XL:     5   Next: 5%
Magic:  6/6        EV: 19    Int: 11    God:
Gold:   110        SH:  0    Dex: 17    Spells: 4/4 levels left

rFire   + . .        j - +0 orcbow
rCold   + + .        (shield currently unavailable)
rNeg    . . .        b - +2 robe of Ruzimeat {rElec rC++ Dex-3}
rPois   .            (helmet restricted)
rElec   +            (no cloak)
rCorr   .            (gloves unavailable)
SInv    +            (boots unavailable)
Will    .....        (no amulet)
Stlth   ++           h - ring of protection from fire
HPRegen 0.24/turn    (no ring)
MPRegen 0.10/turn

%: no passive effects
@: very quick
A: very small, no large weapons, unfitting armour, see invisible, speed 3
a: no special abilities


You were on level 4 of the Dungeon.
You visited 1 branch of the dungeon, and saw 4 of its levels.

You collected 110 gold pieces.


Innate Abilities, Weirdness & Mutations

You are very small and have problems with some larger weapons.
You are too small for most types of armour.
You have supernaturally acute eyesight. (SInv)
You cover ground extremely quickly. (Speed+++)


   Skills:
 - Level 2.0 Fighting
 + Level 5.2 Ranged Weapons
 - Level 5.0 Dodging
 - Level 1.5 Stealth


You had 4 spell levels left.
You didn't know any spells.
Your spell library was empty.

Inventory:

Hand Weapons
 j - a +0 orcbow (weapon)
Armour
 b - the +2 robe of Ruzimeat (worn) {rElec rC++ Dex-3}
   (You found it on level 3 of the Dungeon)

   Dex-3:     It affects your dexterity (-3).
   rC++:      It greatly protects you from cold.
   rElec:     It insulates you from electricity.
 c - a +0 robe
Jewellery
 h - a ring of protection from fire (left hand)
Wands
 a - a wand of charming (11)
Scrolls
 m - a scroll of enchant armour
 n - a scroll of vulnerability {unknown}
Potions
 d - a potion of mutation {unknown}
 e - a potion of attraction {unknown}
 f - a potion of magic {unknown}
 g - a potion of berserk rage {unknown}
 i - a potion of resistance {unknown}
 k - a potion of lignification {unknown}
 l - a potion of curing

Dungeon Overview and Level Annotations

Branches:
Dungeon (4/15)
 Temple: D:4-7

Altars:


Message History

The jackal bites you. The orc barely misses you. The orc closely misses you. x2
You shoot an arrow. The arrow misses the jackal.
The jackal completely misses you. The orc completely misses you.
The orc closely misses you. The orc hits you with a +0 dagger.
The orc hits you but does no damage.
You shoot an arrow. The arrow closely misses the jackal.
The jackal bites you but does no damage.
The jackal bites you. The orc misses you. The orc barely misses you. x2
The orc closely misses you.
You shoot an arrow. The arrow closely misses the jackal.
The jackal closely misses you. The orc closely misses you.
The orc barely misses you. The orc completely misses you. The orc misses you.
The jackal closely misses you.
You shoot an arrow. The arrow closely misses the jackal.
The jackal completely misses you. The orc misses you.
The orc hits you with a +0 hand axe. The orc closely misses you.
The orc misses you. The orc completely misses you.
The jackal closely misses you. The orc completely misses you.
The orc closely misses you. The orc barely misses you.
You shoot an arrow. The arrow hits the jackal.
The jackal is heavily wounded.
The jackal closely misses you. The orc hits you but does no damage.
The orc misses you. The orc closely misses you.
The orc hits you with a +0 club.
You shoot an arrow. The arrow hits the jackal.
The jackal is severely wounded.
The jackal closely misses you. x2; The orc hits you with a +0 morningstar!
The orc barely misses you. The orc misses you.
The orc hits you but does no damage.
You shoot an arrow. The arrow hits the jackal.
You kill the jackal!
The orc closely misses you. The orc misses you.
The orc hits you but does no damage. x2
You shoot an arrow. The arrow closely misses the orc.
The orc barely misses you. The orc hits you with a +0 hand axe.
The orc completely misses you. The orc hits you but does no damage.
The orc misses you. x3; The orc hits you with a +0 hand axe.
You shoot an arrow. The arrow barely misses the orc.
The orc misses you. The orc closely misses you.
The orc hits you with a +0 dagger.
You die...

#. ### # ####### #.
#..#. ......## #.
#.#.# ###...#####.
#.#.# ##...........
#.#.###........####
#.#.#.....###+##
###oo.#.#...#
#..o@....:..#
#.....o%########
.###.#..# # #...
...# ....# #[....
......


You could see 4 orcs.

Vanquished Creatures
  Jessica (D:2)
  4 adders
  2 dart slugs
  A ribbon worm (D:2)
  5 orcs
  5 bats
  7 endoplasms
  A giant cockroach (D:2)
  4 goblins
  9 hobgoblins
  9 jackals
  6 ball pythons
  2 frilled lizards
  4 kobolds
  5 rats
65 creatures vanquished.

Notes
Turn   | Place    | Note
-------+----------+-------------------------------------------
     0 | D:1      | qw the Spriggan Hunter began the quest for the Orb.
     0 | D:1      | Reached XP level 1. HP: 10/10 MP: 2/2
     0 | D:1      | 0 ||| qw: Version: 0.3-a-155-g5e7d8dd
     0 | D:1      | 0 ||| qw: Game counter: 1454
     0 | D:1      | 0 ||| qw: Melee chars always use a shield: true
     0 | D:1      | 0 ||| qw: God list: Okawaru
     0 | D:1      | 0 ||| qw: Allow faded altars: false
     0 | D:1      | 0 ||| qw: Do Orc after clearing Dungeon:15 true
     0 | D:1      | 0 ||| qw: Do second Lair branch before Depths: true
     0 | D:1      | 0 ||| qw: Lair rune preference: random
     0 | D:1      | 0 ||| qw: Goals: Normal
     0 | D:1      | 0 ||| PLANNING D:1-11
    36 | D:1      | Reached skill level 3 in Dodging
   101 | D:1      | Reached XP level 2. HP: 14/14 MP: 3/3
   581 | D:1      | 581 ||| UPGRADING to ring of protection from fire.
   582 | D:1      | 582 ||| READING scroll labelled QUROEQ EWAUQYRED.
   582 | D:1      | 582 ||| IDENTIFYING pink potion
   583 | D:1      | 583 ||| READING scroll labelled ODAIFA SYPOU.
   607 | D:1      | 607 ||| READING scroll labelled JUILANE OGUVVA.
   608 | D:1      | 608 ||| DROPPING scroll of butterflies.
   609 | D:1      | 609 ||| DROPPING potion of brilliance.
   654 | D:2      | HP: 2/14 [ribbon worm (8)]
   657 | D:2      | Reached XP level 3. HP: 3/18 MP: 4/4
   747 | D:2      | Noticed Jessica
   752 | D:2      | 752 ||| FLEEEEING.
   758 | D:2      | Killed Jessica
   933 | D:2      | Found a faded altar of an unknown god.
  1576 | D:2      | 1576 ||| DROPPING ring of magical power.
  1577 | D:2      | 1577 ||| READING scroll labelled ELESTI FEUTZAPTI.
  1580 | D:2      | 1580 ||| READING scroll labelled VESHRO ISTIXTO.
  1581 | D:2      | 1581 ||| READING scroll labelled ONIQUZI ROWN.
  1582 | D:2      | 1582 ||| READING scroll labelled ZESHRA WEFECU.
  1582 | D:2      | 1582 ||| ENCHANTING +0 shortbow.
  1611 | D:3      | Reached XP level 4. HP: 22/22 MP: 5/5
  1621 | D:3      | Identified the +2 robe of Ruzimeat {rElec rC++ Dex-3}
  1751 | D:3      | 1751 ||| SWAPPING to +0 orcbow.
  1752 | D:3      | 1752 ||| DROPPING +0 shortbow.
  2474 | D:3      | 2474 ||| UPGRADING to +2 robe of Ruzimeat {rElec rC++
                  | Dex-3}.
  2484 | D:3      | 2484 ||| DRINKING 2 murky orange potions.
  2533 | D:4      | Reached XP level 5. HP: 13/26 MP: 6/6
  2646 | D:4      | HP: 4/26 [orc/+0 hand axe (4)]
  2647 | D:4      | Slain by an orc

Levels and vault maps discovered:
D:1:      psy_arrival_whirlpool, layout_loops_ring
D:2:      cheibrodos_old_hovel, layout_basic, shapermc_ecumenical_altar_ellora,
          minivault_4, minivault_26, uniq_jessica
D:3:      layout_basic, serial_bayou_pond_a, item_on_display_a
D:4:      layout_loops_ring, chequers_serial_rivers_room_b, minmay_manual_moon

Skill      XL: |  1  2  3  4 |
---------------+-------------+-----
Dodging        | 3 4 5 |  5.0
Ranged Weapons | 5 |  5.2
Fighting       | 2 |  2.0
Stealth        | |  1.5

Action                     |  1- 3 |  4- 6 || total
---------------------------+-------+-------++-------
   Fire: Shortbow          |    84 |    16 ||   100
         Orcbow            |       |    86 ||    86
    Use: Scroll            |     7 |       ||     7
         Potion            |       |     1 ||     1
 Armour: Robe              |     4 |    33 ||    37
  Dodge: Dodged            |    22 |    98 ||   120

Table legend:
 A = Non-vault XP
 B = Vault XP
 C = Vault XP percentage of total XP
 D = Non-vault monster count
 E = Vault monster count
 F = Vault count percentage of total count
                 A         B        C        D         E       F
            +---------+---------+-------+---------+---------+-------
      Total |     167 |      39 |  18.9 |      63 |       2 |   3.1
            +---------+---------+-------+---------+---------+-------
        D:1 |      39 |       0 |   0.0 |      22 |       0 |   0.0
        D:2 |      18 |      39 |  68.4 |       9 |       2 |  18.2
        D:3 |      76 |       0 |   0.0 |      26 |       0 |   0.0
        D:4 |      34 |       0 |   0.0 |       6 |       0 |   0.0
            +---------+---------+-------+---------+---------+-------
